 Dungeon Crawl Stone Soup version 0.26-a0-1053-gaff5f71418 (webtiles) character file.

Game seed: 269534725434904029

2745 dolemite99 the Cleaver (level 9, -2/79 HPs)
             Began as a Palentonga Warper on Dec 12, 2020.
             Was an Initiate of Gozag.
             Succumbed to a hornet's poison
             ... on level 8 of the Dungeon.
             The game lasted 00:11:02 (9413 turns).

dolemite99 the Cleaver (Palentonga Warper)          Turns: 9413, Time: 00:11:02

Health: -2/79      AC: 12    Str: 23    XL:     9   Next: 41%
Magic:  12/12      EV:  3    Int: 14    God:    Gozag
Gold:   250        SH:  7    Dex: 10    Spells: 10/12 levels left

rFire    + . .     SeeInvis +   a - +3 hand axe (elec)
rCold    + . .     Faith    .   u - +0 kite shield
rNeg     . . .     Spirit   .   B - +1 chain mail {Will+}
rPois    +         Reflect  .   L - +0 helmet
rElec    +         Harm     .   h - +2 cloak
rCorr    +         Rampage  .   (no gloves)
Will     +....                  (no barding)
Stlth    ..........             I - amulet of regeneration
HPRegen  0.63/turn              r - +6 ring of strength {=R}
MPRegen  0.13/turn              (no ring)

@: lethally poisoned (-2 -> -18), resistant, slowed, very slow
A: large, rugged brown scales 3, see invisible, deformed body, roll 1, armoured
tail, reflexive curl
a: Rolling Charge, Potion Petition, Call Merchant, Bribe Branch, Renounce
Religion


You were on level 8 of the Dungeon.
You worshipped Gozag.
Gozag was aware of your devotion.
You visited 1 branch of the dungeon, and saw 8 of its levels.

You collected 524 gold pieces.
You spent 188 gold pieces at shops.
You paid 86 gold pieces to Gozag.

Inventory:

Hand Weapons
 a - a +3 hand axe of electrocution (weapon)
 b - the +8 hunting sling of Bicobif {flame, +Inv Int+2}
   (You bought it in a shop on level 8 of the Dungeon)

   It causes projectiles fired from it to burn those they strike, causing extra
   injury to most foes and up to half again as much damage against particularly
   susceptible opponents.
   It affects your intelligence (+2).
   It lets you turn invisible.
 t - a +0 hunting sling
 M - a +0 fustibalus
Missiles
 e - 264 stones (quivered)
 j - 18 poisoned darts
 y - 4 curare-tipped darts
 z - 19 bolts
 A - 82 sling bullets
 E - 2 javelins
 H - a throwing net
 N - 38 arrows
Armour
 h - a +2 cloak (worn)
 u - a +0 kite shield (worn)
 B - a +1 chain mail of willpower (worn)
 L - a +0 helmet (worn)
Jewellery
 r - a +6 ring of strength (left hand) {=R}
 I - an amulet of regeneration (around neck)
Wands
 g - a wand of random effects (20)
 o - a wand of disintegration (9)
 w - a wand of polymorph (4)
 x - a wand of flame (45)
Scrolls
 c - a scroll of silence {unknown}
 d - 3 scrolls of blinking
 f - 2 scrolls of fog
 i - a scroll of random uselessness {unknown}
 l - 5 scrolls of fear {unknown}
 p - 4 scrolls of remove curse {@r2}
 v - a scroll of immolation {unknown}
 C - a scroll of amnesia {unknown}
 G - 3 scrolls of teleportation
 J - 2 scrolls of enchant armour {unknown}
 O - a scroll of vulnerability {unknown}
 P - a scroll of identify {@r1}
Potions
 k - a potion of berserk rage
 m - a potion of mutation
 q - 4 potions of brilliance
 s - 2 potions of degeneration {unknown}
 D - a potion of heal wounds {unknown}
 F - a potion of resistance
 K - a potion of might {unknown}


   Skills:
 - Level 5.1 Fighting
 - Level 9.1(9.8) Axes
 - Level 5.8(8.2) Maces & Flails
 + Level 4.0 Slings
 - Level 0.6(2.5) Throwing
 - Level 0.7 Armour
 - Level 1.5 Dodging
 - Level 2.0 Spellcasting
 - Level 3.0 Translocations


You had 10 spell levels left.
You knew the following spells:

 Your Spells              Type           Power        Failure   Level
a - Blink                 Tloc           N/A          100%        2

Your spell library contained the following spells:

 Spells                   Type           Power        Failure   Level
 Apportation              Tloc           #.....       99%         1
 Beastly Appendage        Tmut           #.....       100%        1
 Summon Small Mammal      Summ           #...         100%        1
 Call Imp                 Summ           #.......     100%        2
 Wereblood                Tmut           #.......     100%        2
 Call Canine Familiar     Summ           #.......     100%        3
 Gell's Gravitas          Tloc           #.........   100%        3
 Lesser Beckoning         Tloc           #.........   100%        3
 Spider Form              Tmut/Pois      #.........   100%        3
 Summon Guardian Golem    Hex/Summ       #.......     100%        3
 Teleport Other           Tloc           #.......     100%        3
 Ice Form                 Ice/Tmut       #.......     100%        4
 Passage of Golubria      Tloc           N/A          100%        4
 Summon Ice Beast         Ice/Summ       #.......     100%        4
 Summon Lightning Spire   Summ/Air       #.......     100%        4
 Blade Hands              Tmut           #.........   100%        5
 Summon Mana Viper        Hex/Summ       #.......     100%        5
 Dispersal                Tloc           #.........   100%        6


Dungeon Overview and Level Annotations

Branches:
Dungeon (8/15)             Temple (0/1) D:4
   Lair: D:8-11

Altars:
Cheibriados
Dithmenos
Gozag
Hepliaklqana
Kikubaaqudgha
Qazlal
Sif Muna
Uskayaw
Zin
The Shining One

Shops:
D:6 (   D:8 [(

Annotations:
D:4 4 runed translucent doors


Innate Abilities, Weirdness & Mutations

You are completely covered in rugged brown scales. (AC +3, +7% HP)
You have supernaturally acute eyesight. (SInv)
Armour fits poorly on your strangely shaped body.
You can roll at nearby foes to attack.
You have a long armoured tail.
You curl defensively after being hit.


Message History

You miss the hornet.
The hornet is lightly wounded.
You feel very sick. The hornet stings you.
* * * LOW HITPOINT WARNING * * *
You feel as though you will be slow longer.
The hornet stings you.
* * * LOW HITPOINT WARNING * * *
You hit the hornet but do no damage. Lightning courses through the hornet!
The hornet is moderately wounded.
* * * LOW HITPOINT WARNING * * *
You feel sick. The hornet stings you.
* * * LOW HITPOINT WARNING * * *
You are more poisoned.
You block the hornet's attack.
Okay, then.
You barely miss the hornet.
The hornet is moderately wounded.
You die...
Your body crumbles into a pile of gold.

# #.# ....
#############.#
#..........@y.#
#.......#####.#
#.......#####.#
#.......##....#
#.......##.##.#####
#.......##<##.....##
#.......).....###..##
##.#######.####.....#
#)# #.# #..PP.#


You could see a hornet.

Vanquished Creatures
  A two-headed ogre (D:8)
  A yak (D:4)
  2 phantoms
  A sky beast (D:6)
  5 ogres
  A centaur (D:6)
  A big kobold (D:8)
  A bullfrog (D:7)
  A howler monkey (D:5)
  A bullfrog zombie (D:5)
  3 hounds
  2 orc priests (D:6)
  4 orc wizards
  Jessica (D:3)
  Ijyb (D:3)
  Terence (D:3)
  4 iguanas
  7 worker ants
  2 hound zombies
  A hound skeleton (D:6)
  9 gnolls
  A howler monkey skeleton (D:5)
  10 adders
  2 shadow imps
  A white imp (D:7)
  An ufetubus (D:5)
  2 oozes
  2 worms
  2 dart slugs
  6 leopard geckos
  12 orcs
  4 giant cockroaches
  11 goblins
  7 hobgoblins (D:3)
  8 jackals
  2 quokkas
  2 ball pythons
  10 bats
  6 frilled lizards
  12 kobolds
  2 leopard gecko skeletons
  A quokka skeleton (D:8)
  A quokka zombie (D:7)
  9 rats
164 creatures vanquished.

Notes
Turn   | Place    | Note
-------+----------+-------------------------------------------
     0 | D:1      | dolemite99 the Palentonga Warper began the quest for the
                  | Orb.
     0 | D:1      | Reached XP level 1. HP: 18/18 MP: 3/3
   228 | D:1      | Reached XP level 2. HP: 25/25 MP: 5/5
   879 | D:1      | Reached XP level 3. HP: 25/31 MP: 6/6
  2516 | D:2      | Reached XP level 4. HP: 38/38 MP: 7/7
  2711 | D:3      | Found an ancient bone altar of Kikubaaqudgha.
  3086 | D:3      | Noticed Jessica
  3086 | D:3      | Noticed Ijyb
  3106 | D:3      | Killed Ijyb
  3107 | D:3      | Reached skill level 5 in Maces & Flails
  3107 | D:3      | Killed Jessica
  3108 | D:3      | Reached XP level 5. HP: 27/43 MP: 8/8
  4125 | D:3      | Found an opulent altar of Gozag.
  4125 | D:3      | Found a hazy altar of Hepliaklqana.
  4126 | D:3      | Found a glowing golden altar of the Shining One.
  4201 | D:3      | Noticed Terence
  4225 | D:3      | Killed Terence
  4411 | D:3      | Learned a level 2 spell: Blink
  4526 | D:3      | Found a stormy altar of Qazlal.
  4825 | D:4      | Reached skill level 1 in Axes
  4841 | D:4      | Found a large runed translucent door.
  4841 | D:4      | Found a large runed translucent door.
  4847 | D:4      | Reached skill level 2 in Axes
  4895 | D:4      | Reached XP level 6. HP: 51/51 MP: 9/9
  4930 | D:4      | Found a large runed translucent door.
  4931 | D:4      | Found a large runed translucent door.
  5008 | D:4      | Noticed a yak
  5014 | D:4      | Killed a yak
  5015 | D:4      | Reached skill level 4 in Axes
  5026 | D:4      | Identified the Collected Works on Unstable Creation
  5122 | D:4      | Gained mutation: You curl defensively after being hit.
                  | [Palentonga growth]
  5122 | D:4      | Reached XP level 7. HP: 58/58 MP: 10/10
  5125 | D:4      | Reached skill level 5 in Axes
  5244 | D:4      | Found a staircase to the Ecumenical Temple.
  5532 | D:4      | Reached skill level 6 in Axes
  5772 | D:5      | Entered Level 5 of the Dungeon
  5772 | D:5      | Found a shimmering blue altar of Sif Muna.
  6047 | D:5      | Found a snail-covered altar of Cheibriados.
  6144 | D:5      | Reached skill level 7 in Axes
  6233 | D:5      | Reached XP level 8. HP: 65/65 MP: 11/11
  6393 | D:5      | Found a glowing silver altar of Zin.
  6624 | D:6      | Found Geuf's Antique Weapon Shoppe.
  6676 | D:6      | Reached skill level 8 in Axes
  6983 | D:6      | Reached skill level 9 in Axes
  8115 | D:3      | Became a worshipper of Gozag Ym Sagoz the Greedy
  8268 | D:7      | Found a glowing silver altar of Zin.
  8488 | D:7      | Reached skill level 5 in Fighting
  8500 | D:7      | Found a hide-covered altar of Uskayaw.
  8550 | D:7      | Found a stormy altar of Qazlal.
  8551 | D:7      | Found a shadowy altar of Dithmenos.
  8551 | D:7      | Found a snail-covered altar of Cheibriados.
  8602 | D:7      | Reached XP level 9. HP: 79/79 MP: 12/12
  9151 | D:8      | Found Guifoygh's Antique Weapon Boutique.
  9186 | D:8      | Bought a dazzling hunting sling for 188 gold pieces
  9189 | D:8      | Identified the +8 hunting sling of Bicobif {flame, +Inv
                  | Int+2} (You bought it in a shop on level 8 of the Dungeon)
  9205 | D:8      | Found Oriod's Antique Armour Shop.
  9236 | D:8      | Noticed a two-headed ogre
  9242 | D:8      | Reached skill level 1 in Slings
  9249 | D:8      | Killed a two-headed ogre
  9400 | D:8      | Paralysed by a hornet for 3 turns
  9406 | D:8      | Paralysed by a hornet for 2 turns
  9412 | D:8      | HP: 1/79 [hornet (5)]
  9413 | D:8      | Succumbed to a hornet's poison

Illustrated notes

Levels and vault maps discovered:
D:1:      dpeg_arrival_windows_large_door, layout_loops_corners,
          minmay_misc_feat_encased, kennysheep_decorative_pillar
D:2:      layout_loops_ring, serial_rivers, chequers_serial_rivers_small_a,
          chequers_serial_rivers_room_a, chequers_serial_rivers_small_b,
          chequers_serial_rivers_room_b, chequers_serial_rivers_micro_a
D:3:      layout_basic, nicolae_overflow_crystal_walls,
          gammafunk_temple_overflow_claw, grunt_ministairs_12,
          nicolae_qazlal_eye_of_the_storm, uniq_terence, uniq_jessica, uniq_ijyb
D:4:      layout_loops_ring, minmay_temple_entry_steel_oval, st_stairs_1,
          minmay_hollow_rounded_squares
D:5:      layout_rooms, overflow_temple_1_default, lemuel_doored_altar,
          basic_altar
D:6:      layout_basic, serial_shops, nicolae_shop_crystal
D:7:      layout_basic, chequers_temple_overflow_statue_of_worship,
          old_standard_altar, basic_altar
D:8:      layout_loops_cross, serial_shops, nicolae_shop_trees,
          nicolae_shop_overgrown_old_shop

Skill      XL: |  1  2  3  4  5  6  7  8  9 |
---------------+----------------------------+-----
Maces & Flails | 3 4 5 |  5.8
Axes           | 2 4 7 9 |  9.1
Fighting       | 5 |  5.1
Slings         | 4 |  4.0
Throwing       | |  0.6
Armour         | |  0.7
Dodging        | |  1.5
Spellcasting   | |  2.0
Translocations | |  3.0

Action                   |  1- 3 |  4- 6 |  7- 9 || total
-------------------------+-------+-------+-------++-------
Melee: Mace              |    91 |    63 |       ||   154
       Tailslap          |     9 |    13 |    27 ||    49
       Hand axe          |       |    40 |   211 ||   251
 Fire: Hunting sling     |       |       |    25 ||    25
Throw: Boomerang         |     5 |       |       ||     5
       Stone             |    68 |    30 |    85 ||   183
 Abil: Rolling Charge    |     3 |     1 |     5 ||     9
  Use: Scroll            |       |     1 |     8 ||     9
       Potion            |       |       |     3 ||     3
Armor: Leather armour    |    15 |       |       ||    15
       Ring mail         |    27 |    23 |       ||    50
       Chain mail        |       |    15 |    84 ||    99
Dodge: Dodged            |    39 |    23 |    21 ||    83
Block: Kite shield       |       |    36 |    50 ||    86

Table legend: (Time is in decaauts)
 A = Elapsed time spent in this place.
 B = Non-inter-level travel time spent in this place.
 C = Inter-level travel time spent in this place.
 D = Time resting spent in this place.
 E = Time spent auto-exploring this place.
 F = Levels seen in this place.
 G = Mean time per level.
                   A        B        C        D        E       F      G
               +--------+--------+--------+--------+--------+-----+--------+
         Total |   9510 |   8987 |    523 |   2757 |   4421 |   8 | 1188.8 |
       Dungeon |   9510 |   8987 |    523 |   2757 |   4421 |   8 | 1188.8 |
               +--------+--------+--------+--------+--------+-----+--------+

Top non-repeatable levels by time:
     D:3: 2281 daAuts
     D:6: 1542 daAuts
     D:1: 1483 daAuts
     D:2: 1118 daAuts
     D:4: 1098 daAuts
     D:7: 996 daAuts
     D:5: 796 daAuts
     D:8: 194 daAuts
